 Dungeon Crawl Stone Soup version 0.18.0-1-g0107ab7 (webtiles) character file.

143 manyhoops the Cudgeler (level 5, -3/54 HPs)
             Began as an Ogre Gladiator on May 5, 2016.
             Killed from afar by an orc wizard (5 damage)
             ... with a puff of flame
             ... on level 2 of the Dungeon.
             The game lasted 00:03:22 (1729 turns).

manyhoops the Cudgeler (Ogre Gladiator)             Turns: 1729, Time: 00:03:23

Health: -3/54      AC:  4    Str: 21    XL:     5   Next: 25%
Magic:  5/5        EV: 10    Int:  7    God:
Gold:   83         SH:  0    Dex: 10    Spells: 0 memorised, 4 levels left

rFire  . . .     SeeInvis .     a - +0 flail
rCold  . . .     Gourm    .     b - +0 robe
rNeg   . . .     Faith    .     (no shield)
rPois  .         Spirit   .     c - +0 hat
rElec  .         Dismiss  .     h - +0 cloak
rCorr  .         Reflect  .     (gloves unavailable)
SustAt .         Harm     .     (boots unavailable)
MR     .....                    (no amulet)
Stlth  +.........               (no ring)
                                (no ring)

@: not resistant to hostile enchantments, very unstealthy
A: unfitting armour, tough skin 1
a: no special abilities


You were on level 2 of the Dungeon.
You were not hungry.

You visited 1 branch of the dungeon, and saw 3 of its levels.

You collected 83 gold pieces.

Inventory:

Hand Weapons
 a - a +0 flail (weapon)
Missiles
 d - 3 throwing nets (quivered)
Armour
 b - a +0 robe (worn)
 c - a +0 hat (worn)
 h - a +0 cloak (worn)
Wands
 u - a wand of polymorph (1/24)
Scrolls
 e - a scroll of fog
 i - a scroll of magic mapping {unknown}
 l - a scroll of remove curse {unknown}
 m - a scroll of teleportation
 n - a scroll of noise {unknown}
 s - a scroll of immolation
 v - a scroll of enchant armour {unknown}
Potions
 j - 3 potions of lignification {unknown}
 o - a potion of flight {unknown}
 r - 2 potions of degeneration {unknown}
 t - a potion of berserk rage
Comestibles
 f - 5 bread rations
 g - 3 fruits
 q - a meat ration


   Skills:
 + Level 4.2 Fighting
 + Level 6.4 Maces & Flails
 + Level 2.6 Throwing
 - Level 2.6 Dodging


You had 4 spell levels left.
You didn't know any spells.

Dungeon Overview and Level Annotations

Branches:
Dungeon (3/15)

Altars:
Ashenzari


Innate Abilities, Weirdness & Mutations

You are too large for most types of armour.
You have tough skin (AC +1).


Message History

You miss the orc wizard.
The orc wizard is severely wounded.
The orc wizard barely misses you. The goblin hits you with a dagger.
The orc wizard hits you with a dagger.
You closely miss the orc wizard.
The orc wizard is severely wounded.
The orc wizard gestures at you while chanting.
The magic dart hits you!
* * * LOW HITPOINT WARNING * * *
The goblin misses you.
You closely miss the orc wizard.
The orc wizard is severely wounded.
The orc wizard casts a spell at you. The puff of flame hits you!
* * * LOW HITPOINT WARNING * * *
The goblin hits you with a dagger.
* * * LOW HITPOINT WARNING * * *
The orc wizard casts a spell at you. The puff of flame hits you!
You die...

.# #.# #.....###)..##
.# #.# #.###.# #....#
.# #.# #.###.###.#..#
.###.####.#....).##..#
........).....#####..#
..##.####...#...###..#
..##.# #........##..#
###..# #............#
#.#### #...<.<.@g##.#
.#.# #........o##.#
#### #..#.....###.#
#.#######..##...## #.#
..(............## #.#
..########.#########.#
### #...........#
#############


You could see an orc wizard and a goblin.

Vanquished Creatures
  An orc priest (D:3)
  Ijyb (D:3)
  2 adders (D:2)
  2 oozes
  A worm (D:3)
  3 dart slugs (D:1)
  2 giant geckos (D:2)
  2 orcs (D:3)
  3 giant cockroaches
  6 goblins
  8 hobgoblins
  A ball python (D:1)
  9 bats
  3 giant newts
  5 kobolds
  2 rats
51 creatures vanquished.

Notes
Turn   | Place    | Note
--------------------------------------------------------------
     0 | D:1      | manyhoops the Ogre Gladiator began the quest for the Orb.
     0 | D:1      | Reached XP level 1. HP: 22/22 MP: 1/1
   124 | D:1      | Reached XP level 2. HP: 27/29 MP: 2/2
   401 | D:1      | Reached XP level 3. HP: 37/37 MP: 3/3
   565 | D:1      | Reached skill level 5 in Maces & Flails
  1015 | D:2      | Reached XP level 4. HP: 45/48 MP: 4/4
  1498 | D:3      | Noticed Ijyb
  1547 | D:3      | Killed Ijyb
  1581 | D:3      | Reached skill level 6 in Maces & Flails
  1686 | D:3      | Reached XP level 5. HP: 39/54 MP: 5/5
  1716 | D:3      | Found a shattered altar of Ashenzari.
  1729 | D:2      | HP: 2/54 [goblin/dagger (3)]
  1729 | D:2      | Killed from afar by an orc wizard

Skill      XL: |  1  2  3  4 |
---------------+-------------+-----
Fighting       | 3 4 |  4.2
Maces & Flails | 5 6 |  6.4
Throwing       | |  2.6
Dodging        | |  2.6

Action                   |  1- 3 |  4- 6 || total
-------------------------+-------+-------++-------
Melee: Flail             |   104 |    68 ||   172
       Unarmed           |       |    12 ||    12
  Use: Scroll            |       |     5 ||     5
       Potion            |       |     1 ||     1
 Stab: Sleeping          |     1 |       ||     1
  Eat: Chunk             |       |     2 ||     2
       Fruit             |       |     1 ||     1
Armor: Robe              |    42 |    24 ||    66
Dodge: Dodged            |    57 |    51 ||   108
